 Dungeon Crawl Stone Soup version 0.27-a0-637-g3a9f0a9c12 (webtiles) character file.

Game seed: 1822719020342157570

155 CakeIsGreat the Digger (level 5, -3/29 HPs)
             Began as a Gargoyle Earth Elementalist on Mar 15, 2021.
             Hit by a boomerang thrown by an orc warrior (8 damage)
             ... on level 4 of the Dungeon.
             The game lasted 00:03:23 (3570 turns).

CakeIsGreat the Digger (GrEE)                       Turns: 3570, Time: 00:03:24

Health: -3/29      AC:  7    Str: 11    XL:     5   Next: 37%
Magic:  8/9        EV: 12    Int: 17    God:
Gold:   203        SH:  0    Dex: 10    Spells: 0/9 levels left

rFire    . . .     SeeInvis .   n - +2 quarterstaff (spect)
rCold    . . .     Faith    .   (shield currently unavailable)
rNeg     + . .     Spirit   .   c - +0 robe
rPois    ∞         Reflect  .   (no helmet)
rElec    +         Harm     .   (no cloak)
rCorr    .         Rampage  .   i - +0 pair of gloves
Will     .....                  (no boots)
Stlth    ++........             (no amulet)
HPRegen  0.09/turn              (no ring)
MPRegen  0.11/turn              (no ring)

@: no status effects
A: AC +4, negative energy resistance 1, electricity resistance, torment
resistance 1, unbreathing 1, petrification resistance
a: no special abilities


You were on level 4 of the Dungeon.
You visited 1 branch of the dungeon, and saw 4 of its levels.

You collected 203 gold pieces.

Inventory:

Hand Weapons
 n - a +2 spectral quarterstaff (weapon)
Missiles
 b - 199 stones
Armour
 c - a +0 robe (worn)
 i - a +0 pair of gloves (worn)
Wands
 q - a wand of iceblast (10)
Scrolls
 e - 2 scrolls of identify
 g - 2 scrolls of random uselessness {unknown}
 k - 2 scrolls of noise {unknown}
 o - 3 scrolls of blinking {unknown}
 p - a scroll of immolation {unknown}
Potions
 a - 2 potions of curing
 d - a potion of degeneration {unknown}
 f - a potion of haste {unknown}
 h - a potion of berserk rage {unknown}
 j - a potion of brilliance {unknown}
 l - a potion of heal wounds {unknown}
 m - a potion of flight {unknown}


   Skills:
 + Level 1.3 Fighting
 + Level 1.2(1.3) Maces & Flails
 + Level 0.8(1.2) Staves
 + Level 1.3 Armour
 + Level 2.1 Dodging
 - Level 2.1 Stealth
 * Level 2.9 Spellcasting
 * Level 1.4 Conjurations
 - Level 0.7 Transmutations
 * Level 4.5 Earth Magic


You couldn't memorise any spells.
You knew the following spells:

 Your Spells              Type           Power      Damage    Failure   Level
a - Sandblast             Erth           34%        2d9       2%          1
b - Stone Arrow           Conj/Erth      24%        3d8       16%         3
c - Lee's Rapid Deconstr  Erth           8%         3d8*      58%         5

Your spell library contained the following spells:

 Spells                   Type           Power      Damage    Failure   Level
 Passwall                 Tmut/Erth      9%         N/A       9%          2
 Petrify                  Tmut/Erth      11%        N/A       52%         4


Dungeon Overview and Level Annotations

Branches:
Dungeon (4/15)
 Temple: D:4-7

Altars:
Okawaru


Innate Abilities, Weirdness & Mutations

Your stone body is resilient. (AC +4)
You are immune to poison.
You resist negative energy. (rN+)
You are resistant to electric shocks. (rElec)
You are resistant to unholy torment.
You can survive without breathing.
You are immune to petrification.


Message History

No target in view!
q - a wand of iceblast (10)
You now have 203 gold pieces (gained 18).
a - 2 potions of curing (gained 1)
Found a whip.
No target in view!
No target in view!
An orc warrior comes into view. It is wielding a +0 mace.
An orc warrior is nearby!
The orc warrior shouts!
You hear a shout!
An orc comes into view.
An orc comes into view. It is wielding a +0 mace.
The orc shouts!
An orc comes into view. It is wielding a +0 hand axe.
Found a hardcover book and a chain mail.
Casting: Sandblast (safe; 2% risk of failure)
Confirm with . or Enter, or press ? or * to list all spells.
Aiming: Sandblast (safe; 2% risk of failure)
Press: ? - help, Shift-Dir - straight line, f - orc warrior
Aim: an orc warrior, wielding a +0 mace, wearing a +0 plate armour and quivering boomerangs (21% to evade)
The blast of sand hits the orc warrior but does no damage.
The orc warrior throws a boomerang.
The boomerang hits you!
Casting: Sandblast (safe; 2% risk of failure)
Confirm with . or Enter, or press ? or * to list all spells.
Aiming: Sandblast (safe; 2% risk of failure)
Press: ? - help, Shift-Dir - straight line, f/p - orc warrior
Aim: an orc warrior, wielding a +0 mace, wearing a +0 plate armour and quivering boomerangs (21% to evade)
The blast of sand hits the orc warrior but does no damage.
You hit the orc.
The orc is heavily wounded.
You hit the orc warrior.
The orc warrior is moderately wounded.
The orc warrior closely misses you.
You hit the orc warrior but do no damage.
The orc warrior is moderately wounded.
The orc warrior hits you with a +0 mace.
The orc warrior throws a boomerang.
The boomerang hits you!
* * * LOW HITPOINT WARNING * * *
The orc warrior throws a boomerang.
The boomerang hits you!
You die...

.# .# .# ### .#
###########.# .#
#.....##....#######
##########..........)#.....#
#..#.....##..........#.....#
<..#.................#.....#
...#............@....#.....#
...#.....########...##.....#
...#.....##....##...##.....#
#'##................ooo....#
..##................##.....#
....................# .....#
.........##....##+### .....#
..##..[..##....# .....#
..##.....##....# :....#


You could see an orc warrior and an orc.

Vanquished Creatures
  A howler monkey (D:4)
  An orc priest (D:3)
  3 adders (D:3)
  A worm (D:2)
  A dart slug (D:1)
  3 leopard geckos
  5 orcs (D:3)
  5 giant cockroaches
  6 goblins
  4 hobgoblins
  6 kobolds
  A quokka (D:2)
  3 bats
  3 frilled lizards
  3 rats
46 creatures vanquished.

Notes
Turn   | Place    | Note
-------+----------+-------------------------------------------
     0 | D:1      | CakeIsGreat the Gargoyle Earth Elementalist began the quest
                  | for the Orb.
     0 | D:1      | Reached XP level 1. HP: 10/10 MP: 3/3
   477 | D:1      | Reached XP level 2. HP: 15/15 MP: 5/5
  1341 | D:2      | Reached skill level 4 in Earth Magic
  1609 | D:2      | Reached XP level 3. HP: 20/20 MP: 6/6
  1639 | D:2      | Learned a level 3 spell: Stone Arrow
  2696 | D:3      | Reached skill level 1 in Armour
  2782 | D:3      | Found an iron altar of Okawaru.
  2789 | D:3      | Reached skill level 1 in Fighting
  2794 | D:3      | Reached XP level 4. HP: 19/25 MP: 7/7
  3074 | D:3      | Reached skill level 1 in Maces & Flails
  3226 | D:3      | Reached skill level 1 in Conjurations
  3243 | D:3      | Reached XP level 5. HP: 22/29 MP: 9/9
  3249 | D:3      | Learned a level 5 spell: Lee's Rapid Deconstruction
  3558 | D:4      | Noticed an orc warrior
  3570 | D:4      | Hit by a boomerang thrown by an orc warrior

Illustrated notes

Levels and vault maps discovered:
D:1:      minmay_arrival_glassed_features, layout_basic
D:2:      layout_basic, minmay_door_square
D:3:      layout_basic, grunt_decor_mini_mirrors, okawaru_gym_becter
D:4:      layout_gridville, minitemple, temple_hall, uniq_eustachio, uniq_pikel

Skill      XL: |  1  2  3  4 |
---------------+-------------+-----
Earth Magic    | 4 |  4.5
Armour         | 1 |  1.3
Fighting       | 1 |  1.3
Maces & Flails | 1 |  1.2
Dodging        | 2 |  2.1
Conjurations   | 1 |  1.4
Staves         | |  0.8
Stealth        | |  2.1
Spellcasting   | |  2.9
Transmutations | |  0.7

Action                   |  1- 3 |  4- 6 || total
-------------------------+-------+-------++-------
Melee: Unarmed           |    21 |       ||    21
       Club              |   128 |       ||   128
       Quarterstaff      |    13 |    25 ||    38
 Cast: Sandblast         |    12 |     3 ||    15
  Use: Scroll            |     3 |       ||     3
 Stab: Sleeping          |     2 |       ||     2
Armor: Robe              |    67 |     4 ||    71
Dodge: Dodged            |   134 |    12 ||   146

Table legend: (Time is in decaauts)
 A = Elapsed time spent in this place.
 B = Non-inter-level travel time spent in this place.
 C = Inter-level travel time spent in this place.
 D = Time resting spent in this place.
 E = Time spent auto-exploring this place.
 F = Levels seen in this place.
 G = Mean time per level.
                   A        B        C        D        E       F      G
               +--------+--------+--------+--------+--------+-----+--------+
         Total |   3614 |   3517 |     97 |      0 |   3062 |   4 |  903.5 |
       Dungeon |   3614 |   3517 |     97 |      0 |   3062 |   4 |  903.5 |
               +--------+--------+--------+--------+--------+-----+--------+

Top non-repeatable levels by time:
     D:1: 1262 daAuts
     D:2: 1243 daAuts
     D:3: 1028 daAuts
     D:4: 80 daAuts
